 Dungeon Crawl Stone Soup version 0.28-a0-919-g0b5b508569 (webtiles) character file.

Game seed: 8010541614948067518

231 timneilson the Covered (level 6, -6/38 HPs)
             Began as a Gargoyle Fighter on Nov 25, 2021.
             Killed by divine providence
             ... invoked by an orc priest
              (10 damage)
             ... on level 4 of the Dungeon.
             The game lasted 00:04:40 (4213 turns).

timneilson the Covered (Gargoyle Fighter)           Turns: 4213, Time: 00:04:41

Health: -6/38      AC: 14    Str: 22    XL:     6   Next: 4%
Magic:  6/6        EV:  8    Int:  8    God:
Gold:   1111       SH:  5    Dex: 15    Spells: 5/5 levels left

rFire   . . .      SeeInvis .   a - +0 long sword
rCold   . . .      Faith    .   c - +0 buckler
rNeg    + . .      Spirit   .   f - +0 chain mail
rPois   ∞          Reflect  .   (no helmet)
rElec   +          Harm     .   (no cloak)
rCorr   .          Rampage  .   (no gloves)
Will    .....                   (no boots)
Stlth   ..........              (no amulet)
HPRegen 0.12/turn               g - +6 ring of dexterity
MPRegen 0.10/turn               (no ring)

@: no status effects
A: sickness immunity, AC +4, negative energy resistance 1, electricity
resistance, torment resistance 1, petrification resistance
a: no special abilities


You were on level 4 of the Dungeon.
You visited 1 branch of the dungeon, and saw 4 of its levels.

You collected 1111 gold pieces.

Inventory:

Hand Weapons
 a - a +0 long sword (weapon)
Armour
 c - a +0 buckler (worn)
 f - a +0 chain mail (worn)
 h - a +0 plate armour
Jewellery
 e - a ring of flight
 g - a +6 ring of dexterity (left hand)
Potions
 b - a potion of curing {unknown}
 d - a potion of might
 i - 3 potions of resistance {unknown}
 j - a potion of attraction {unknown}
 k - a potion of haste {unknown}
 l - a potion of heal wounds {unknown}


   Skills:
 + Level 3.8 Fighting
 * Level 3.2 Long Blades
 * Level 4.6 Armour
 + Level 1.3 Dodging
 * Level 4.5 Shields


You had 5 spell levels left.
You didn't know any spells.
Your spell library was empty.

Dungeon Overview and Level Annotations

Branches:
Dungeon (4/15)
 Temple: D:4-7

Altars:

Annotations:
D:3 1 runed translucent door, RancidPinata's ghost, amateur GrDe


Innate Abilities, Weirdness & Mutations

You are immune to sickness and miasma.
Your stone body is resilient. (AC +4)
You are immune to poison.
You resist negative energy. (rN+)
You are resistant to electric shocks. (rElec)
You are resistant to unholy torment.
You are immune to petrification.


Message History

The water moccasin completely misses you.
The water moccasin bites you but does no damage.
The water moccasin bites you.
The water moccasin bites you but does no damage.
The orc priest looks braver for a moment.
The water moccasin closely misses you.
There is an open door here.
The water moccasin barely misses you.
The orc priest invokes the aid of Beogh against you.
Beogh smites you!
The water moccasin bites you but does no damage.
The water moccasin bites you but does no damage.
The water moccasin bites you but does no damage.
The water moccasin bites you but does no damage.
The orc priest casts a cantrip, but nothing happens.
The water moccasin barely misses you.
The orc priest invokes the aid of Beogh against you.
Beogh smites you! The water moccasin closely misses you.
The water moccasin barely misses you. The water moccasin closely misses you.
You block the water moccasin's attack. The water moccasin bites you.
The water moccasin completely misses you.
The water moccasin bites you but does no damage.
The water moccasin barely misses you.
The orc priest mumbles some strange prayers to Beogh against you.
Beogh smites you!
* * * LOW HITPOINT WARNING * * *
You block the water moccasin's attack. The water moccasin barely misses you.
Things that are here:
a +0 club; a goblin skeleton The water moccasin bites you but does no damage.
You block the water moccasin's attack.
There is a stone staircase leading up here.
The water moccasin closely misses you.
The orc priest calls down the wrath of Beogh upon you.
Beogh smites you!
You die...

## ..# #.# ##.# ... #.#
#.####.################
#.)....S..)..o.........
######@################
### ... ###


You could see a water moccasin and an orc priest.

Vanquished Creatures
  A phantom (D:3)
  A hound (D:3)
  7 gnolls
  A dart slug (D:1)
  10 orcs (D:3)
  2 ball pythons
  3 endoplasms
  3 giant cockroaches
  3 goblins
  6 hobgoblins
  3 quokkas
  2 bats
  3 frilled lizards
  5 kobolds
  A rat (D:2)
51 creatures vanquished.

Notes
Turn   | Place    | Note
-------+----------+-------------------------------------------
     0 | D:1      | timneilson the Gargoyle Fighter began the quest for the
                  | Orb.
     0 | D:1      | Reached XP level 1. HP: 14/14 MP: 1/1
   215 | D:1      | Reached XP level 2. HP: 14/19 MP: 2/2
   706 | D:1      | Found a faded altar of an unknown god.
  1106 | D:2      | Reached XP level 3. HP: 21/23 MP: 3/3
  1427 | D:2      | Reached XP level 4. HP: 4/28 MP: 4/4
  2050 | D:2      | Identified a scroll of acquirement
  2050 | D:2      | Acquired 975 gold pieces
  2074 | D:3      | Noticed RancidPinata's ghost (amateur GrDe)
  2074 | D:3      | Found a runed translucent door.
  2745 | D:3      | Reached skill level 1 in Dodging
  2745 | D:3      | Reached XP level 5. HP: 16/33 MP: 5/5
  2937 | D:3      | Noticed a phantom
  2949 | D:3      | Killed a phantom
  3142 | D:3      | Reached XP level 6. HP: 32/38 MP: 6/6
  4153 | D:4      | Noticed a water moccasin
  4213 | D:4      | Killed from afar by an orc priest

Illustrated notes

Levels and vault maps discovered:
D:1:      minmay_arrival_open_corners, layout_basic, basic_ecumenical_altar,
          minmay_hexomino_f4
D:2:      layout_basic, serial_co_window_serial, co_window_paths_a,
          co_window_paths_a, co_window_paths_a, co_window_paths_b,
          co_window_paths_a, co_window_paths_a, co_window_of_opportunity_a,
          co_window_paths_b, co_window_paths_a, co_window_paths_c,
          co_window_corner_ca, co_window_corner_b, co_window_of_opportunity_b,
          co_window_cross_4, glass_columns_c
D:3:      layout_basic, hellmonk_ghost_happy_afterlife
D:4:      layout_basic, serial_corexii_hall, corexii_hall_statues_deadend,
          corexii_hall_statues_x, uniq_ijyb

Skill      XL: |  1  2  3  4  5 |
---------------+----------------+-----
Long Blades    | 2 3 |  3.2
Armour         | 4 |  4.6
Shields        | 4 |  4.5
Dodging        | 1 |  1.3
Fighting       | |  3.8

Action                   |  1- 3 |  4- 6 || total
-------------------------+-------+-------++-------
Melee: Long sword        |    90 |    96 ||   186
  Use: Scroll            |     2 |     3 ||     5
       Potion            |     1 |       ||     1
 Stab: Invisible         |     4 |       ||     4
Armor: Scale mail        |    38 |       ||    38
       Chain mail        |    13 |    52 ||    65
Dodge: Dodged            |    48 |    41 ||    89
Block: Buckler           |    18 |    20 ||    38

Table legend: (Time is in decaauts)
 A = Elapsed time spent in this place.
 B = Non-inter-level travel time spent in this place.
 C = Inter-level travel time spent in this place.
 D = Time resting spent in this place.
 E = Time spent auto-exploring this place.
 F = Levels seen in this place.
 G = Mean time per level.
                   A        B        C        D        E       F      G
               +--------+--------+--------+--------+--------+-----+--------+
         Total |   4264 |   4214 |     50 |    293 |   3387 |   4 | 1066.0 |
       Dungeon |   4264 |   4214 |     50 |    293 |   3387 |   4 | 1066.0 |
               +--------+--------+--------+--------+--------+-----+--------+

Top non-repeatable levels by time:
     D:3: 1818 daAuts
     D:1: 1118 daAuts
     D:2: 986 daAuts
     D:4: 340 daAuts
